 Dungeon Crawl Stone Soup version 0.28-b1-25-g9875b3fc8c (webtiles) character file.

Game seed: 8108577915191593183

186 Akaron the Gusty (level 5, 0/28 HPs)
             Began as a Tengu Air Elementalist on Jan 31, 2022.
             Slain by an ice beast (1 damage)
             ... on level 3 of the Dungeon.
             The game lasted 00:06:25 (3008 turns).

Akaron the Gusty (Tengu Air Elementalist)           Turns: 3008, Time: 00:06:26

Health: 0/28       AC:  3    Str:  8    XL:     5   Next: 66%
Magic:  8/11       EV: 15    Int: 17    God:
Gold:   78         SH:  0    Dex: 15    Spells: 7/10 levels left

rFire   . . .      SeeInvis .   (no weapon)
rCold   . . .      Faith    .   (no shield)
rNeg    . . .      Spirit   .   a - +0 robe
rPois   .          Reflect  .   (helmet restricted)
rElec   .          Harm     .   d - +0 cloak {Stlth+}
rCorr   .          Rampage  .   (no gloves)
Will    .....                   (boots unavailable)
Stlth   +++.......              (no amulet)
HPRegen 0.09/turn               (no ring)
MPRegen 0.12/turn               (no ring)

@: lethally poisoned (0 -> -4), flying quickly and evasively, quick
A: beak, talons 3, nimble flight
a: no special abilities


You were on level 3 of the Dungeon.
You visited 1 branch of the dungeon, and saw 4 of its levels.

You collected 78 gold pieces.

Inventory:

Armour
 a - a +0 robe (worn)
 d - a +0 cloak of stealth (worn)
 h - a +0 leather armour
Jewellery
 n - a ring of fire
Wands
 m - a wand of iceblast (10)
Scrolls
 b - a scroll of teleportation {unknown}
 c - a scroll of enchant armour {unknown}
 e - 2 scrolls of enchant weapon {unknown}
 g - a scroll of amnesia {unknown}
 o - a scroll of identify {unknown}
Potions
 f - a potion of invisibility {unknown}
 i - a potion of lignification {unknown}
 j - 2 potions of curing {unknown}
 k - a potion of cancellation {unknown}
 l - 3 potions of flight {unknown}


   Skills:
 + Level 0.1 Fighting
 + Level 2.8 Dodging
 + Level 2.6 Stealth
 + Level 0.2 Unarmed Combat
 + Level 3.3 Spellcasting
 + Level 3.2 Conjurations
 + Level 5.4 Air Magic


You had 7 spell levels left.
You knew the following spells:

 Your Spells              Type           Power      Damage    Failure   Level
a - Shock                 Conj/Air       68%        1d7       2%          1
b - Static Discharge      Conj/Air       17%        N/A       4%          2

Your spell library contained the following spells:

 Spells                   Type           Power      Damage    Failure   Level
 Swiftness                Air            21%        N/A       5%          3
 Foxfire                  Conj/Fire      32%        2x1d5     9%          1
 Airstrike                Air            10%        N/A       19%         4
 Conjure Flame            Conj/Fire      8%         6-21      26%         3
 Inner Flame              Hex/Fire       2%         N/A       45%         3
 Flame Wave               Conj/Fire      8%         2d5       65%         4


Dungeon Overview and Level Annotations

Branches:
Dungeon (4/15)
 Temple: D:4-7

Altars:


Innate Abilities, Weirdness & Mutations

You have a beak for a mouth.
You have claws for feet.
Your magical nature lets you fly swiftly and evasively.


Message History

You fly downwards.
Found 22 stones.
There is a stone staircase leading up here.
An adder is nearby!
Okay, then.
An adder is nearby!
Found a scroll labelled ITUELL KOSEMAD.
A water moccasin skeleton comes into view.
Found 13 gold pieces.
An adder comes into view.
The adder hisses angrily.
The zap misses the adder.
The adder misses you.
The zap misses the adder.
The zap hits the water moccasin skeleton.
The water moccasin skeleton is lightly damaged.
The adder misses you.
The zap misses the adder.
The adder bites you.
You are poisoned.
The adder poisons you! The adder bites you.
You feel sick.
You feel sick.
You feel sick. The water moccasin skeleton bites you.
* * * LOW HITPOINT WARNING * * *
You feel sick.
You feel sick.
You are no longer poisoned.
The adder hisses angrily.
The adder closely misses you. The adder misses you. The adder bites you.
* * * LOW HITPOINT WARNING * * *
You are lethally poisoned!
The adder poisons you!
There is a stone staircase leading up here.
* * * LOW HITPOINT WARNING * * *
You feel sick. The adder completely misses you.
You fly upwards.
* * * LOW HITPOINT WARNING * * *
You feel sick. The ice beast misses you. The ice beast hits you.
You die...

### #..!# #<# #...###
#.######.#...#
#......#.#...#
.######.......#
........#.#...#
.######.#.#...#######
#.#.#..S......#
#....).@#####.#
###.#.#Y....#.#
#.#.#..รท....#
#.#.###...#.# #...#
#.### #######.#
#....# #.#####
######.....#


You could see an ice beast and an adder.

Vanquished Creatures
  A scorpion (D:2)
  Crazy Yiuf (D:2)
  Jessica (D:2)
  Robin (D:2)
  2 adders
  2 endoplasms
  3 giant cockroaches
  13 goblins
  3 hobgoblins (D:2)
  2 jackals (D:2)
  4 ball pythons
  4 bats
  2 frilled lizards
  A kobold (D:2)
  8 rats
48 creatures vanquished.

Notes
Turn   | Place    | Note
-------+----------+-------------------------------------------
     0 | D:1      | Akaron the Tengu Air Elementalist began the quest for the
                  | Orb.
     0 | D:1      | Reached XP level 1. HP: 10/10 MP: 4/4
    90 | D:1      | You fall into a shaft and drop 1 floor!
   222 | D:2      | Reached XP level 2. HP: 11/15 MP: 1/6
   225 | D:2      | Learned a level 2 spell: Static Discharge
  1159 | D:2      | Reached XP level 3. HP: 19/19 MP: 3/7
  1253 | D:2      | Noticed Robin
  1259 | D:2      | Killed Robin
  1462 | D:2      | Noticed a scorpion
  1554 | D:2      | Reached XP level 4. HP: 24/24 MP: 7/9
  1564 | D:2      | Killed a scorpion
  1565 | D:2      | Reached skill level 5 in Air Magic
  1565 | D:2      | Gained mutation: Your magical nature lets you fly swiftly
                  | and evasively. [Tengu growth]
  1565 | D:2      | Reached XP level 5. HP: 13/28 MP: 0/10
  1915 | D:2      | Noticed Jessica
  1918 | D:2      | Killed Jessica
  2237 | D:2      | Found a runed translucent door.
  2238 | D:2      | Noticed Crazy Yiuf
  2428 | D:3      | Noticed an ice beast
  2463 | D:2      | Killed Crazy Yiuf
  3008 | D:3      | HP: 1/28 [poisoned by an adder]
  3008 | D:3      | Slain by an ice beast

Illustrated notes

Levels and vault maps discovered:
D:1:      co_arrival_square_in_a_square_in_a_square, layout_loops_ring,
          minmay_misc_feat_plants
D:2:      layout_loops_cross, uniq_crazy_yiuf_cottage, uniq_robin, uniq_jessica
D:3:      layout_basic, shapermc_ecumenical_altar_mp_vishouse, uniq_grinder,
          uniq_ijyb, uniq_natasha
D:4:      layout_basic, nicolae_overflow_hidden_temple

Skill      XL: |  1  2  3  4  5 |
---------------+----------------+-----
Conjurations   | 2 3 |  3.2
Spellcasting   | 3 |  3.3
Air Magic      | 5 |  5.4
Fighting       | |  0.1
Dodging        | |  2.8
Stealth        | |  2.6
Unarmed Combat | |  0.2

Action                   |  1- 3 |  4- 6 || total
-------------------------+-------+-------++-------
Melee: Unarmed           |    16 |    11 ||    27
       Peck              |     5 |     1 ||     6
       Kick              |     5 |     1 ||     6
 Cast: Shock             |    59 |    32 ||    91
       Static Discharge  |       |     4 ||     4
Armor: Robe              |    12 |     2 ||    14
Dodge: Dodged            |    26 |    21 ||    47
